 Dungeon Crawl Stone Soup version 0.30-a0-757-ga6a79fd877 (webtiles) character file.

Game seed: 6651753327425724661

260413 ytrimaz the Executioner (level 20, -15/168 HPs)
             Began as a Formicid Fighter on Jan 9, 2023.
             Was a High Priest of Okawaru.
             Demolished by an acid blob (24 damage)
             ... created by the Royal Jelly
             ... in the Arena on Feb 9, 2023.
             The game lasted 01:03:19 (36048 turns).

ytrimaz the Executioner (Formicid Fighter)         Turns: 36048, Time: 01:03:20

Health: -15/168    AC: 32    Str: 30      XL:     20   Next: 74%
Magic:  7/38       EV: 11    Int: 10 (11) God:    Okawaru [*****.]
Gold:   1812       SH:  0    Dex: 17 (18) Spells: 19/19 levels left

rFire   . . .      SeeInvis +    v - +1 executioner's axe "Newt's Curse" {speed, Dex+3}
rCold   . . .      Faith    .    N - +6 tower shield of the Black Moon {rCorr Str+3}
rNeg    . . .      Spirit   .    Q - +8 plate armour of the Wilderness {-Tele rElec rCorr Str-5}
rPois   +          Reflect  .    (helmet unavailable)
rElec   +          Harm     .    m - +0 cloak "Nicvump" {Str+7}
rCorr   +          Rampage  .    o - +2 pair of gloves {infuse}
Will    ++...                    p - +2 pair of boots Stlth
                                 F - amulet of magic regeneration
HPRegen 0.48/turn                b - ring of magical power
MPRegen 0.66/turn                R - ring of poison resistance

@: confused, mighty, heroic, finesse-ful, ambrosia-drunk, corroded, duelling,
unable to read
A: permanent stasis, dig shafts and tunnels, antennae 3, four strong arms, fangs
1, deterioration 1, inability to read after injury 1
}: 2/15 runes: barnacled, gossamer
a: Dig, Renounce Religion, Heroism, Finesse, Duel


You were in the Arena.
You worshipped Okawaru.
Okawaru was extremely pleased with you.
You visited 7 branches of the dungeon, and saw 36 of its levels.
You also visited: Ossuary, Bailey, Ice Cave and Volcano.

You collected 3650 gold pieces.
You spent 1838 gold pieces at shops.


Innate Abilities, Weirdness & Mutations

You cannot be hasted, slowed, berserked, paralysed or teleported.
You can dig through walls and to a lower floor.
You have a pair of large antennae on your head. (SInv)
Your four strong arms can wield two-handed weapons with a shield.
You have very sharp teeth.
Your body sometimes deteriorates upon taking damage.
You occasionally lose the ability to read scrolls when taking damage.


   Skills:
 + Level 17.3(22.3) Fighting
 - Level 4.8(9.8) Long Blades
 - Level 24.0(27) Axes
 + Level 14.4(19.4) Armour
 - Level 20.0(25.0) Shields
 + Level 12.6 Invocations


You had 19 spell levels left.
You didn't know any spells.
Your spell library contained the following spells:

 Spells                   Type           Power      Damage    Failure   Level
 Apportation              Tloc           0%         N/A       88%         1
 Beastly Appendage        Tmut           0%         N/A       88%         1
 Sandblast                Erth           0%         2d4       88%         1
 Shock                    Conj/Air       0%         1d3       88%         1
 Sting                    Tmut/Pois      0%         1d3       88%         1
 Passwall                 Tmut/Erth      0%         N/A       96%         2
 Poisonous Vapours        Pois/Air       0%         N/A       96%         2
 Static Discharge         Conj/Air       0%         2-2/arc   96%         2
 Wereblood                Tmut           0%         N/A       96%         2
 Ozocubu's Armour         Ice            0%         N/A       99%         3
 Portal Projectile        Hex/Tloc       0%         N/A       99%         3
 Spider Form              Tmut/Pois      0%         N/A       99%         3
 Stone Arrow              Conj/Erth      0%         3d7       99%         3
 Vhi's Electric Charge    Tloc/Air       0%         N/A       99%         3
 Airstrike                Air            0%         2d(0-16)  100%        4
 Leda's Liquefaction      Hex/Erth       0%         N/A       100%        4
 Olgreb's Toxic Radiance  Pois           0%         N/A       100%        4
 Passage of Golubria      Tloc           0%         N/A       100%        4
 Petrify                  Tmut/Erth      0%         N/A       100%        4
 Alistair's Intoxication  Tmut/Pois      0%         N/A       100%        5
 Arcjolt                  Conj/Air       0%         1d10      100%        5
 Blade Hands              Tmut           0%         N/A       100%        5
 Fireball                 Conj/Fire      0%         3d3       100%        5
 Iskenderun's Battlesphe  Conj           0%         2d6       100%        5
 Lightning Bolt           Conj/Air       0%         1d11      100%        5
 Metabolic Englaciation   Hex/Ice        0%         N/A       100%        5
 Silence                  Hex/Air        0%         N/A       100%        5
 Conjure Ball Lightning   Conj/Air       0%         3x3d6     100%        6
 Statue Form              Tmut/Erth      0%         N/A       100%        6
 Orb of Destruction       Conj           0%         9d5       100%        7
 Ozocubu's Refrigeration  Ice            0%         4d7       100%        7
 Lehudib's Crystal Spear  Conj/Erth      0%         10d2      100%        8
 Maxwell's Capacitive Co  Air            0%         ∞         100%        8
 Call Canine Familiar     Summ           Unusable   N/A       N/A         3
 Swiftness                Air            Unusable   N/A       N/A         3
 Tukima's Dance           Hex            Unusable   N/A       N/A         3

Inventory:

Hand Weapons
 q - the +7 war axe of True Grit {flame, *Rage rElec rN+ Dex+4}
   (You bought it in a shop on level 1 of the Dungeon)

   Dex:       It affects your dexterity (+4).
   rElec:     It insulates you from electricity.
   rN:        It protects you from negative energy.
   *Rage:     It berserks you when you make melee attacks (+20% chance).
 v - the +1 executioner's axe "Newt's Curse" (weapon) {speed, Dex+3}
   (Okawaru gifted it to you on level 5 of the Lair of Beasts)

   Dex:       It affects your dexterity (+3).
 O - the +9 broad axe "Caiwnod" {protect, rElec rF+ MP-9 Str+7}
   (You found it on level 4 of the Shoals)

   Str:       It affects your strength (+7).
   rF:        It protects you from fire.
   rElec:     It insulates you from electricity.
   MP:        It affects your magic capacity (-9).
 P - the +11 Singing Sword {sonic wave}
   (Okawaru gifted it to you on level 2 of the Orcish Mines)
 T - a +1 executioner's axe of draining
   (Okawaru gifted it to you on level 1 of the Vaults)
Missiles
 k - 4 throwing nets
Armour
 m - the +0 cloak "Nicvump" (worn) {Str+7}
   (You bought it in a shop on level 1 of the Dungeon)

   Str:       It affects your strength (+7).
 o - a +2 pair of gloves of infusion (worn)
   (You found it on level 6 of the Dungeon)
 p - a +2 pair of boots (worn)
   (You found it on level 2 of the Dungeon)
 H - a +2 plate armour of poison resistance
   (You took it off an orc warrior on level 8 of the Dungeon)
 N - the +6 tower shield of the Black Moon (worn) {rCorr Str+3}
   (You acquired it on level 12 of the Dungeon)

   Str:       It affects your strength (+3).
   rCorr:     It protects you from acid and corrosion.
 Q - the +8 plate armour of the Wilderness (worn) {-Tele rElec rCorr Str-5}
   (Okawaru gifted it to you on level 1 of the Spider Nest)

   Str:       It affects your strength (-5).
   rElec:     It insulates you from electricity.
   -Tele:     It prevents most forms of teleportation.
   rCorr:     It protects you from acid and corrosion.
Jewellery
 b - a ring of magical power (left hand)
   (You found it on level 4 of the Dungeon)
 h - a ring of magical power
   (You found it on level 1 of the Dungeon)
 j - a ring of ice
   (You found it on level 3 of the Shoals)
 x - a ring of protection from fire
   (You found it on level 4 of the Shoals)
 F - an amulet of magic regeneration (around neck)
   (You found it on level 7 of the Dungeon)
 G - a +5 ring of evasion
   (You found it on level 7 of the Dungeon)
 I - a ring of flight
   (You took it off an orc warrior on level 8 of the Dungeon)
 M - a ring of resist corrosion
   (You found it on level 10 of the Dungeon)
 R - a ring of poison resistance (right hand)
   (You found it on level 3 of the Spider Nest)
 S - the ring "Ischolae" {rC+++ MP+9 Str-5 Dex-4 Stlth+}
   (You found it on level 4 of the Shoals)

   [ring of magical power]

   Str:       It affects your strength (-5).
   Dex:       It affects your dexterity (-4).
   rC:        It renders you almost immune to cold.
   MP:        It affects your magic capacity (+9).
   Stlth:     It makes you more stealthy.
Wands
 r - a wand of flame (47)
   (You found it on level 5 of the Dungeon)
 s - a wand of roots (24)
   (You found it on level 12 of the Dungeon)
 u - a wand of acid (28)
   (You took it off Ijyb on level 3 of the Dungeon)
 K - a wand of mindburst (3)
   (You found it on level 10 of the Dungeon)
Scrolls
 a - 6 scrolls of magic mapping
 c - 12 scrolls of identify
 l - 7 scrolls of fog
 w - 3 scrolls of enchant armour
 y - a scroll of silence
 C - 6 scrolls of enchant weapon
 D - 3 scrolls of poison
 L - 4 scrolls of amnesia
Potions
 d - 9 potions of might
 e - 6 potions of attraction
 f - 3 potions of resistance
 g - 7 potions of lignification
 i - a potion of invisibility
 n - a potion of magic
 t - 7 potions of ambrosia
 z - 4 potions of flight
 A - 18 potions of curing
 B - 3 potions of brilliance
 E - 8 potions of cancellation
 J - 9 potions of mutation

Dungeon Overview and Level Annotations

Branches:
Dungeon (15/15) Zot: 24634  Temple (0/1) D:7            Lair (5/5) D:9 Zot: 24300
 Shoals (4/4) Lair:2 Zot: 19564  Spider (4/4) Lair:2 Zot: 19653   Slime (5/5) Lair:5 Zot: 26800
    Orc (2/2) D:11 Zot: 10534     Elf (0/3) Orc:2        Vaults (1/5) D:14 Zot: 4903
 Depths (0/4) D:15        Ossuary (visited)          Bailey (visited)
  IceCv (visited)         Volcano (visited)

Altars:
Ashenzari
Cheibriados
Dithmenos
Fedhas
Okawaru
Qazlal
Ru
Uskayaw
Wu Jian
Xom
Yredelemnul
Zin
The Shining One
Jiyva

Shops:
D:1 [!(:(   D:5 :   Orc:2 [(=*   Shoals:2 (

Portals:
Trove: D:12 (give +2 storm dragon scales)

Annotations:
Arena Royal Jelly

###############
#.p▓.p▓∩▓p.▓p.#
#▓▓▓▓▓▓▓▓▓▓▓▓▓#
#......JJ.....#
#.8...JJJJ..8.#
#......JJ@....#
#▓▓▓▓▓▓▓▓▓▓▓▓▓#
#....pp▓pp....#
###############


You could see the Royal Jelly, 2 acid blobs, 3 rockslimes and 2 quicksilver
oozes.


Message History

You feel very mighty all of a sudden. You block the rockslime's attack. x2
You block the quicksilver ooze's attack.
The quicksilver ooze closely misses you.
The azure jelly closely misses you. x2
The azure jelly hits you but does no damage.
The azure jelly barely misses you. The rockslime hits you.
* * * LOW HITPOINT WARNING * * *
You hold your ground!
You block the rockslime's attack. The rockslime hits you!!
You feel threatened and lose the ability to read scrolls!
* * * LOW HITPOINT WARNING * * *
You hold your ground! 😨 HP[-30] MP[+1]
You take 30 damage, and now have 51/168 hp.
Unknown command.
Unknown command.
The rockslime attacks as you move away! You block the rockslime's attack.
The azure jelly attacks as you move away!
You block the azure jelly's attack. x2; The azure jelly barely misses you.
You block the azure jelly's attack. The quicksilver ooze hits you.
* * * LOW HITPOINT WARNING * * *
The quicksilver ooze hits you.
* * * LOW HITPOINT WARNING * * *
You feel your power leaking away.
The rockslime jiggles. 😨 HP[-1] MP[-8]
You take 1 damage, and now have 50/168 hp.
You lost 8 mp, and now have 0/38 mp.
Unknown command.
Unknown command.
You slash the rockslime! You slash the azure jelly!
You barely miss the rockslime.
You slice the rockslime!! 😨 MP[+1] Unknown command.
You slice the rockslime!!
You bite the rockslime, but do no damage.
You closely miss the azure jelly. You slash the rockslime!
You hit the rockslime but do no damage. 😨 MP[-1]
You lost 1 mp, and now have 0/38 mp.
Unknown command.
You hit the rockslime.
You bite the rockslime, but do no damage.
You hit the rockslime. You closely miss the azure jelly.
You hit the rockslime but do no damage. You block the rockslime's attack.
The rockslime hits you!
* * * LOW HITPOINT WARNING * * *
You stumble backwards! 😱 HP[-9]
You take 9 damage, and now have 41/168 hp.
You carve the azure jelly like a ham!!!
You kill the azure jelly!
That felt strangely unrewarding.
You hit the rockslime. You hit the rockslime but do no damage.
Unknown command.
You slash the quicksilver ooze! You barely miss the rockslime.
You hit the rockslime but do no damage.
Unknown command.
You barely miss the quicksilver ooze. You hit the rockslime. x2
Unknown command.
You slice the quicksilver ooze!! You hit the rockslime but do no damage.
You slash the rockslime!
You kill the rockslime!
That felt strangely unrewarding.
You block the rockslime's attack.
Unknown command.
You chop the rockslime into pieces!!!
You kill the rockslime!
That felt strangely unrewarding.
You slash the acid blob!
Your hands burn!
* * * LOW HITPOINT WARNING * * *
You hit the rockslime.
Unknown command.
Unknown command.
The rockslime jiggles.
The rockslime closely misses you.
You block the quicksilver ooze's attack.
The quicksilver ooze hits you but does no damage.
The acid blob hits you but does no damage.
You block the rockslime's attack. The rockslime hits you!!
* * * LOW HITPOINT WARNING * * *
Your body deteriorates!
You feel clumsy.
You hold your ground! 😱 HP[-18] MP[+1]
You take 18 damage, and now have 23/168 hp.
Unknown command.
Unknown command.
Unknown command.
The rockslime attacks as you move away! You block the rockslime's attack.
The quicksilver ooze attacks as you move away!
You block the quicksilver ooze's attack.
The quicksilver ooze hits you but does no damage.
You block the acid blob's attack. The rockslime hits you!!
* * * LOW HITPOINT WARNING * * *
You hold your ground! 😱 HP[-17] MP[+1]
You take 17 damage, and now have 6/168 hp.
Unknown command.
You are confused.
You feel invigorated. The acid blob hits you!!
You die...

Skill      XL: |  1  2  3  4  5  6  7  8  9 10 11 12 13 14 15 16 17 18 19 20 |
---------------+-------------------------------------------------------------+-----
Fighting       | 4 5 6 7 8 10 12 13 15 16 17 | 17.3
Long Blades    | 3 4 |  4.8
Axes           | 1 3 5 8 10 14 18 21 22 24 | 24.0
Armour         | 4 10 13 14 | 14.4
Invocations    | 5 10 12 | 12.6
Shields        | 10 15 20 | 20.0

Action                     |  1- 3 |  4- 6 |  7- 9 | 10-12 | 13-15 | 16-18 | 19-21 || total
---------------------------+-------+-------+-------+-------+-------+-------+-------++-------
  Melee: Long sword        |    88 |    35 |       |       |       |       |       ||   123
         War axe           |       |    73 |   199 |   346 |   607 |   163 |       ||  1388
         Executioner's axe |       |       |       |       |       |  1197 |   794 ||  1991
         Unarmed           |       |       |       |       |       |    10 |       ||    10
         Bite              |       |       |       |       |       |       |    15 ||    15
 Invoke: Heroism           |       |       |       |       |     9 |     6 |     5 ||    20
         Finesse           |       |       |       |       |     1 |     5 |     6 ||    12
         Duel              |       |       |       |       |       |       |     2 ||     2
Ability: Dig               |       |       |       |       |       |     5 |     1 ||     6
    Use: Scroll            |     2 |     6 |    10 |     5 |     8 |     3 |       ||    34
         Potion            |       |       |       |     4 |     2 |     2 |     7 ||    15
   Stab: Invisible         |       |       |       |     2 |       |       |       ||     2
         Petrified         |       |       |       |       |     7 |       |       ||     7
         Petrifying        |       |       |       |       |     1 |       |       ||     1
         Held in net/web   |       |       |       |       |       |     3 |       ||     3
 Armour: Scale mail        |    61 |    48 |   101 |    45 |       |       |       ||   255
         Plate armour      |       |       |       |   152 |   275 |   275 |   254 ||   956
  Dodge: Dodged            |    68 |    53 |    79 |   248 |   180 |   189 |   102 ||   919
  Block: Buckler           |    32 |    32 |    56 |    92 |       |       |       ||   212
         Tower shield      |       |       |       |     2 |   816 |  1450 |   790 ||  3058

Levels and vault maps discovered:
D:1:      dpeg_arrival_tiny_d, layout_loops_cross, serial_shops, shop,
          shop_statue, shop, shop, shop_statue
D:2:      layout_basic, basic_altar, uniq_natasha
D:3:      layout_loops_ring, nicolae_dithmenos_through_a_glass_darkly,
          uniq_terence, uniq_ijyb
D:4:      layout_basic, nicolae_qazlal_general_emergency, uniq_menkaure
D:5:      layout_basic, enter_ossuary_1, serial_bayou_pond_e, eino_curves_03,
          nicolae_shop_i_like_big_books
D:6:      layout_basic, kennysheep_mini_moat, minivault_24,
          chequers_serial_rivers_marsh
D:7:      layout_rooms, mainiacjoe_overflow_concentric_impassable,
          nicolae_overflow_hidden_temple, minmay_temple_entry_wispy,
          glass_columns_a, hangedman_decor_peaks_small
D:8:      layout_rooms, ashenzari_conservatory_becter, zin_purify,
          grunt_temple_overflow_cloverleaf, enter_bailey_2,
          kennysheep_cross_bottleneck
D:9:      layout_roguey, pdpol_wu_jian_five_deadly_venoms, lair_entry_dummy,
          serial_bayou_lagoon_a, hellmonk_guarded_unrand_lears
D:10:     layout_loops_ring, nicolae_ru_awakened_eye, uniq_josephine
D:11:     layout_loops_cross, erik_orc_3, serial_undead, serial_undead_d,
          serial_undead_e, serial_undead_e, serial_undead_c, minivault_16
D:12:     layout_roguey, nicolae_trove_entry_columns, fedhas_altar_4
D:13:     minmay_spotlight, layout_long_grid
D:14:     layout_roguey, hangedman_vaults_entry_quadrant_bands,
          reono_crystal_passage, uniq_agnes
D:15:     hangedman_depths_entry_civil_slaughter, layout_long_grid,
          hangedman_abyss_or_decor_passed
Lair:1:   layout_long_grid, minmay_stone_trees_small
Lair:2:   layout_chaotic_city, minmay_shoals_entry_lonely_mermaid,
          nicolae_spider_entry_lesser_pyramids, basic_altar,
          nzn_masters_of_martial_movement, uniq_harold, uniq_sonja
Lair:3:   layout_cave_pods, infiniplex_staircase_pool_2
Lair:4:   layout_regular_city, nicolae_quartered_pool_super,
          beast_lair_carwin_1, serial_bayou_shore_a
Lair:5:   evilmike_catoblepas_cave, layout_long_grid,
          minmay_slime_entry_jelly_boxes
Shoals:1: layout_shoals, portal_ice_cave_entry_ice_statue_two, uniq_kirke
Shoals:2: nicolae_shoals_offshore_bank_account, layout_shoals,
          nicolae_stop_n_shop_2, nicolae_shoals_seven_spires
Shoals:3: layout_shoals, nicolae_shoals_siren_and_animal_friends
Shoals:4: shoals_end_grunt_ice, layout_shoals
Spider:1: layout_spider_delve, uniq_aizul
Spider:2: layout_spider_delve
Spider:3: lemuel_spider_zombies
Spider:4: hellmonk_spider_rune_bug_friends
Slime:1:  layout_caves, cheibrodos_slime_lost_civilization_6
Slime:2:  layout_caves
Slime:3:  cheibrodos_slime_lost_civilization_9, layout_caves,
          cheibrodos_slime_lost_civilization_4
Slime:4:  layout_caves
Slime:5
Orc:1:    layout_diamond_mine, enter_volcano_3
Orc:2:    grunt_orc_cross, layout_caves
Vaults:1: nicolae_vaults_display_case, v_misc_12, v_pattern_3,
          nicolae_vaults_network_star, vaults_room_fours,
          nicolae_vaults_shelves_hall, vaults_room_hallway, v_misc_19,
          v_rooms_3, ontoclasm_vaults_ligature, nicolae_vaults_alarming,
          nicolae_vaults_gold_heap, layout_vaults_omnibox, serial_shops, shop
Arena

Notes
Turn   | Place    | Note
-------+----------+-------------------------------------------
     0 | D:1      | ytrimaz the Formicid Fighter began the quest for the Orb.
     0 | D:1      | Reached XP level 1. HP: 18/18 MP: 1/1
     0 | D:1      | magus.rc [v1.9.6]
   151 | D:1      | Found Tazaamoh's Antique Weapon Shop.
   195 | D:1      | Reached XP level 2. HP: 24/24 MP: 2/2
   205 | D:1      | Found Buewoesk's Book Boutique.
   208 | D:1      | Found Haizur's Antique Weapon Shoppe.
   232 | D:1      | Found Denwudir's Distillery.
   384 | D:1      | Found Qomubex's Armour Shoppe.
   408 | D:1      | Reached XP level 3. HP: 30/30 MP: 3/3
   479 | D:1      | You pick up a book of Air and begin reading...
   479 | D:1      | You add the spells Shock and Airstrike to your library.
   494 | D:1      | Reached skill level 4 in Fighting
   726 | D:2      | Reached skill level 3 in Long Blades
   771 | D:2      | Noticed Natasha
   783 | D:2      | Killed Natasha
   784 | D:2      | Reached XP level 4. HP: 11/38 MP: 4/4
  1092 | D:2      | Identified a scroll of acquirement
  1104 | D:2      | Acquired 1062 gold pieces
  1182 | D:1      | Bought a steaming great sword for 253 gold pieces
  1182 | D:1      | Identified the +5 great sword of the Feather {pain, rElec
                  | rCorr Dex+4} (You bought it in a shop on level 1 of the
                  | Dungeon)
  1229 | D:1      | Bought the +0 cloak "Nicvump" {Str+7} for 314 gold pieces
  1282 | D:1      | Bought a smoking war axe for 221 gold pieces
  1282 | D:1      | Identified the +7 war axe of True Grit {flame, *Rage rElec
                  | rN+ Dex+4} (You bought it in a shop on level 1 of the
                  | Dungeon)
  1289 | D:1      | Upgraded the game from 0.30-a0-618-gd6c86c23d0 to
                  | 0.30-a0-632-g346586fe48
  1289 | D:1      | magus.rc [v1.9.6]
  1289 | D:1      | Upgraded the game from 0.30-a0-632-g346586fe48 to
                  | 0.30-a0-743-gbfdf073431
  1289 | D:1      | magus.rc [v1.9.6]
  1289 | D:1      | magus.rc [v1.9.6]
  1289 | D:1      | magus.rc [v1.9.6]
  1296 | D:2      | Noticed Natasha
  1300 | D:2      | Killed Natasha
  1301 | D:2      | Reached XP level 5. HP: 43/43 MP: 5/5
  1304 | D:2      | You pick up a book of the Spheres and begin reading...
  1304 | D:2      | You add the spells Iskenderun's Battlesphere, Fireball,
                  | Conjure Ball Lightning and Orb of Destruction to your
                  | library.
  1654 | D:2      | Found a broken altar of Ashenzari.
  1681 | D:2      | Noticed Natasha
  1688 | D:2      | Killed Natasha
  1689 | D:2      | Reached skill level 5 in Fighting
  1759 | D:3      | Reached skill level 4 in Long Blades
  1759 | D:3      | Reached XP level 6. HP: 29/51 MP: 6/6
  1762 | D:3      | Noticed Terence
  1766 | D:3      | Killed Terence
  2116 | D:3      | Noticed Ijyb
  2126 | D:3      | Killed Ijyb
  2159 | D:3      | Found a shadowy altar of Dithmenos.
  2298 | D:3      | Reached skill level 6 in Fighting
  2636 | D:4      | Found a stormy altar of Qazlal.
  2672 | D:4      | Reached skill level 1 in Axes
  2672 | D:4      | Reached XP level 7. HP: 54/58 MP: 7/7
  2782 | D:4      | Noticed Menkaure
  2789 | D:4      | Killed Menkaure
  2790 | D:4      | Reached skill level 2 in Axes
  3238 | D:4      | Reached skill level 7 in Fighting
  3238 | D:4      | Reached skill level 3 in Axes
  3254 | D:4      | Reached XP level 8. HP: 67/67 MP: 8/8
  3444 | D:5      | Entered Level 5 of the Dungeon
  3511 | D:5      | Found Bulaelofu's Tremendous Tomes.
  3558 | D:5      | Found a sand-covered staircase.
  3562 | D:5      | Reached skill level 4 in Axes
  3573 | Ossuary  | Entered an ossuary
  3907 | Ossuary  | Reached skill level 8 in Fighting
  4047 | D:5      | Reached skill level 5 in Axes
  4888 | D:6      | Reached XP level 9. HP: 67/75 MP: 9/9
  4900 | D:6      | Reached skill level 9 in Fighting
  4900 | D:6      | Reached skill level 6 in Axes
  5222 | D:6      | Found an iron altar of Okawaru.
  5295 | D:6      | Became a worshipper of Warmaster Okawaru
  5669 | D:7      | Found a staircase to the Ecumenical Temple.
  5707 | D:7      | Reached skill level 7 in Axes
  5754 | D:7      | Found a blossoming altar of Fedhas.
  5761 | D:7      | Reached skill level 10 in Fighting
  5770 | D:7      | Reached * piety under Okawaru
  6179 | D:7      | Found a snail-covered altar of Cheibriados.
  6323 | D:8      | Reached skill level 8 in Axes
  6323 | D:8      | Reached XP level 10. HP: 68/86 MP: 10/10
  6405 | D:8      | Reached ** piety under Okawaru
  6406 | D:8      | Reached skill level 11 in Fighting
  6410 | D:8      | Found a flagged portal.
  6600 | Bailey   | Entered a bailey
  6767 | Bailey   | Reached skill level 9 in Axes
  6859 | Bailey   | Noticed a two-headed ogre
  6871 | Bailey   | Killed a two-headed ogre
  6871 | Bailey   | Reached *** piety under Okawaru
  6872 | Bailey   | Reached skill level 12 in Fighting
  7041 | Bailey   | Identified the +7 long sword of Governance {heavy, rElec
                  | Will+++ Dex-2}
  7212 | D:8      | Identified the +9 halberd of the Three Xenops {freeze,
                  | Fragile rElec Int+5 Stlth+}
  7255 | D:8      | Found a broken altar of Ashenzari.
  7422 | D:8      | Found a hide-covered altar of Uskayaw.
  7422 | D:8      | Found a basalt altar of Yredelemnul.
  7422 | D:8      | Found a glowing golden altar of the Shining One.
  7422 | D:8      | Found a shimmering altar of Xom.
  7433 | D:8      | Reached **** piety under Okawaru
  7434 | D:8      | Reached skill level 10 in Axes
  7639 | D:8      | Found Zin's Purification Station.
  7642 | D:8      | Found a glowing silver altar of Zin.
  7647 | D:8      | Reached skill level 4 in Armour
  7647 | D:8      | Reached XP level 11. HP: 93/96 MP: 11/11
  7837 | D:8      | Bought a potion of curing for 90 gold pieces
  7893 | D:9      | Noticed a two-headed ogre
  7899 | D:9      | Killed a two-headed ogre
  7900 | D:9      | Reached skill level 5 in Armour
  7943 | D:9      | Noticed a tengu warrior
  7953 | D:9      | Killed a tengu warrior
  8068 | D:9      | Found the +18 Lear's hauberk
  8124 | D:9      | Reached skill level 13 in Fighting
  8130 | D:9      | Reached skill level 6 in Armour
  8371 | D:9      | Found an ornate altar of the Wu Jian Council.
  8470 | D:9      | Reached skill level 7 in Armour
  8480 | D:9      | You add the spells Sting, Poisonous Vapours and Olgreb's
                  | Toxic Radiance to your library.
  8493 | D:9      | Found a staircase to the Lair.
  8558 | D:9      | Reached ***** piety under Okawaru
  8567 | D:9      | Reached skill level 8 in Armour
  8980 | D:10     | Entered Level 10 of the Dungeon
  9082 | D:10     | Noticed Josephine
  9087 | D:10     | Reached skill level 9 in Armour
  9093 | D:10     | Killed Josephine
  9251 | D:10     | You pick up a book of Geomancy and begin reading...
  9251 | D:10     | You add the spells Sandblast, Passwall and Stone Arrow to
                  | your library.
  9285 | D:10     | Reached skill level 10 in Armour
  9409 | D:10     | Reached XP level 12. HP: 96/105 MP: 12/12
  9597 | D:10     | Identified the +0 leather armour "Uviadaf" {Str+3}
  9817 | D:10     | Reached skill level 11 in Armour
  9859 | D:10     | Found a sacrificial altar of Ru.
  9903 | D:10     | You pick up a book of Party Tricks and begin reading...
  9903 | D:10     | You add the spells Apportation and Alistair's Intoxication
                  | to your library.
 10148 | D:11     | Identified the +8 scimitar of Karma {speed, rElec rC+ rN+}
                  | (Okawaru gifted it to you on level 11 of the Dungeon)
 10148 | D:11     | Received a gift from Okawaru
 10184 | D:11     | Reached skill level 12 in Armour
 10352 | D:11     | Upgraded the game from 0.30-a0-743-gbfdf073431 to
                  | 0.30-a0-748-ge6a52f7cba
 10352 | D:11     | magus.rc [v1.9.6]
 10352 | D:11     | magus.rc [v1.9.6]
 10393 | D:11     | Reached skill level 13 in Armour
 10494 | D:11     | Reached skill level 1 in Invocations
 10592 | D:11     | Reached skill level 2 in Invocations
 10606 | D:11     | Reached skill level 3 in Invocations
 10919 | D:11     | Found a staircase to the Orcish Mines.
 11070 | D:11     | Noticed a two-headed ogre
 11075 | D:11     | Killed a two-headed ogre
 11075 | D:11     | Identified the +4 scimitar of Corporal Punishment {heavy,
                  | Dex+3} (Okawaru gifted it to you on level 11 of the
                  | Dungeon)
 11075 | D:11     | Received a gift from Okawaru
 11076 | D:11     | Reached skill level 4 in Invocations
 11365 | D:12     | Reached skill level 5 in Invocations
 11384 | D:12     | Acquired the +6 tower shield of the Black Moon {rCorr
                  | Str+3}
 11420 | D:12     | Reached XP level 13. HP: 111/111 MP: 16/16
 11767 | D:12     | Found a portal to a secret trove of treasure.
 11775 | D:12     | This trove needs +2 storm dragon scales to function. Give
                  | it the item?
 11842 | D:12     | Found a blossoming altar of Fedhas.
 11924 | D:13     | Noticed a centaur warrior
 11934 | D:13     | Killed a centaur warrior
 11935 | D:13     | Reached skill level 14 in Armour
 11935 | D:13     | Reached skill level 5 in Shields
 11988 | D:13     | Reached skill level 6 in Invocations
 12054 | D:13     | Noticed a centaur warrior
 12066 | D:13     | Killed a centaur warrior
 12067 | D:13     | Reached skill level 6 in Shields
 12189 | D:13     | Noticed a centaur warrior
 12191 | D:13     | Noticed a six-headed hydra
 12192 | D:13     | Noticed a rakshasa
 12197 | D:13     | Killed a centaur warrior
 12197 | D:13     | Reached ****** piety under Okawaru
 12200 | D:13     | Killed a three-headed hydra
 12200 | D:13     | Received a gift from Okawaru
 12201 | D:13     | Reached skill level 7 in Shields
 12201 | D:13     | Reached skill level 7 in Invocations
 12223 | D:13     | Killed a rakshasa
 12290 | D:13     | Reached skill level 8 in Shields
 12290 | D:13     | Reached skill level 8 in Invocations
 12702 | D:14     | Reached skill level 9 in Shields
 12709 | D:14     | Reached skill level 9 in Invocations
 12875 | D:14     | Noticed a centaur warrior
 12902 | D:14     | Killed a centaur warrior
 12952 | D:14     | Noticed a bunyip
 12953 | D:14     | a bunyip changed into a great orb of eyes
 12953 | D:14     | Noticed a great orb of eyes (shapeshifter)
 12962 | D:14     | a great orb of eyes changed into a radroach
 12962 | D:14     | Noticed a radroach (shapeshifter)
 12979 | D:14     | Killed a radroach
 12980 | D:14     | Reached skill level 10 in Shields
 13093 | D:14     | Noticed Agnes
 13101 | D:14     | Killed Agnes
 13102 | D:14     | Reached skill level 10 in Invocations
 13157 | D:14     | Noticed a centaur warrior
 13168 | D:14     | Killed a centaur warrior
 13168 | D:14     | Received a gift from Okawaru
 13220 | D:14     | Reached XP level 14. HP: 118/118 MP: 21/21
 13269 | D:14     | Reached skill level 11 in Shields
 13333 | D:14     | Reached skill level 11 in Invocations
 13525 | D:14     | Received a gift from Okawaru
 13526 | D:14     | Reached skill level 12 in Shields
 13543 | D:14     | Reached skill level 12 in Invocations
 13573 | D:14     | Reached skill level 13 in Shields
 13624 | D:14     | Found a gate to the Vaults.
 13697 | D:14     | Identified the +4 quarterstaff of Cheibriados, Cursing
                  | {heavy, rC++}
 13835 | D:14     | HP: 19/118 [fire dragon/blast of flame (34)]
 14193 | D:15     | Entered Level 15 of the Dungeon
 14432 | D:15     | Reached skill level 14 in Shields
 14676 | D:15     | Reached skill level 15 in Shields
 14726 | D:15     | Reached XP level 15. HP: 72/123 MP: 24/24
 14943 | D:15     | Received a gift from Okawaru
 14947 | D:15     | Reached skill level 16 in Shields
 15036 | D:15     | Found a staircase to the Depths.
 15673 | Lair:1   | Entered Level 1 of the Lair of Beasts
 15842 | Lair:1   | Reached skill level 17 in Shields
 16590 | D:1      | Bought a manual of Axes for 960 gold pieces
 16845 | Lair:2   | Noticed Sonja
 16862 | Lair:2   | Killed Sonja
 17109 | Lair:2   | Received a gift from Okawaru
 17110 | Lair:2   | Reached skill level 18 in Shields
 17222 | Lair:2   | You pick up a book of Lightning and begin reading...
 17222 | Lair:2   | You add the spells Static Discharge, Vhi's Electric Charge,
                  | Lightning Bolt and Arcjolt to your library.
 17268 | Lair:2   | Found a hide-covered altar of Uskayaw.
 17269 | Lair:2   | Found an ornate altar of the Wu Jian Council.
 17363 | Lair:2   | Found a staircase to the Shoals.
 17474 | Lair:2   | Noticed Harold
 17489 | Lair:2   | Killed Harold
 17516 | Lair:2   | Found a hole to the Spider Nest.
 17666 | Lair:2   | Found a blossoming altar of Fedhas.
 17679 | Lair:2   | You fall into a shaft and drop 2 floors!
 17734 | Lair:4   | Reached skill level 19 in Shields
 17866 | Lair:3   | You pick up a book of Weapons and begin reading...
 17866 | Lair:3   | You add the spells Portal Projectile and Blade Hands to
                  | your library.
 19235 | Lair:4   | Reached skill level 20 in Shields
 19436 | Lair:4   | Identified the +2 hand axe of Turmoil {elec, Stlth+}
                  | (Okawaru gifted it to you on level 4 of the Lair of Beasts)
 19436 | Lair:4   | Received a gift from Okawaru
 19591 | Lair:4   | Reached XP level 16. HP: 131/131 MP: 25/25
 20047 | Lair:5   | Entered Level 5 of the Lair of Beasts
 20058 | Lair:5   | Reached skill level 11 in Axes
 20078 | Lair:5   | Found a staircase to the Slime Pits.
 20367 | Lair:5   | Reached skill level 12 in Axes
 20468 | Lair:5   | Reached skill level 14 in Fighting
 20785 | Lair:5   | Identified the +1 executioner's axe "Newt's Curse" {speed,
                  | Dex+3} (Okawaru gifted it to you on level 5 of the Lair of
                  | Beasts)
 20785 | Lair:5   | Received a gift from Okawaru
 20816 | Lair:5   | Reached skill level 13 in Axes
 21039 | Lair:5   | Identified the +3 chain mail of the Tick {Contam Rampage
                  | SInv}
 21421 | Orc:1    | Entered Level 1 of the Orcish Mines
 21491 | Orc:2    | Entered Level 2 of the Orcish Mines
 21847 | Orc:1    | Found a dark tunnel.
 21861 | Volcano  | Entered a volcano
 21903 | Volcano  | Reached skill level 15 in Fighting
 21903 | Volcano  | Reached skill level 14 in Axes
 22207 | Volcano  | Identified the +0 hat of the Poles {rCorr Dex+2}
 22348 | Orc:2    | Noticed Blork the orc
 22354 | Orc:2    | Killed Blork the orc
 22357 | Orc:2    | Received a gift from Okawaru
 22357 | Orc:2    | Found the +11 Singing Sword {sonic wave}
 22651 | Orc:2    | Found Onut Gum's General Store.
 22661 | Orc:2    | Found Dustet's Antique Weapon Emporium.
 22727 | Orc:2    | Found Piddotre's Antique Armour Emporium.
 22765 | Orc:2    | Found a staircase to the Elven Halls.
 22801 | Orc:2    | Reached XP level 17. HP: 142/142 MP: 26/26
 22869 | Orc:2    | Reached skill level 15 in Axes
 22966 | Orc:2    | Found Jainiwot's Jewellery Emporium.
 23456 | Spider:1 | Entered Level 1 of the Spider Nest
 23578 | Spider:1 | Noticed Aizul
 23591 | Spider:1 | Killed Aizul
 23895 | Spider:1 | Reached skill level 16 in Fighting
 23896 | Spider:1 | Identified the +8 plate armour of the Wilderness {-Tele
                  | rElec rCorr Str-5} (Okawaru gifted it to you on level 1 of
                  | the Spider Nest)
 23896 | Spider:1 | Received a gift from Okawaru
 24095 | Spider:1 | Reached skill level 16 in Axes
 24750 | Spider:2 | Reached skill level 17 in Axes
 24872 | Spider:2 | You pick up a book of Sloth and begin reading...
 24872 | Spider:2 | You add the spells Petrify, Metabolic Englaciation and
                  | Statue Form to your library.
 25310 | Spider:3 | You pick up a book of the Moon and begin reading...
 25310 | Spider:3 | You add the spells Passage of Golubria, Silence and
                  | Lehudib's Crystal Spear to your library.
 25642 | Spider:3 | Identified the +5 executioner's axe "Kaenem" {venom,
                  | Stlth+} (Okawaru gifted it to you on level 3 of the Spider
                  | Nest)
 25642 | Spider:3 | Received a gift from Okawaru
 25992 | Spider:3 | Found the +4 moon troll leather armour {Spirit, Regen++
                  | MP+5}
 26152 | Spider:4 | Entered Level 4 of the Spider Nest
 26158 | Spider:4 | Reached skill level 18 in Axes
 26493 | Spider:4 | Reached XP level 18. HP: 141/152 MP: 18/27
 26557 | Spider:4 | HP: 28/132 [barbs]
 26566 | Spider:4 | HP: 19/132 [spark wasp/living lightning (7)]
 26601 | Spider:4 | HP: 29/140 [meliai/divine providence (15)]
 26616 | Spider:4 | HP: 22/143 [spark wasp (11)]
 26683 | Spider:4 | HP: 32/145 [meliai/divine providence (12)]
 27066 | Spider:4 | Received a gift from Okawaru
 27067 | Spider:4 | Reached skill level 19 in Axes
 27125 | Spider:4 | Got a gossamer rune of Zot
 27966 | Spider:2 | Reached skill level 20 in Axes
 28087 | Shoals:1 | Entered Level 1 of the Shoals
 28158 | Shoals:1 | Noticed Kirke
 28177 | Shoals:1 | Killed Kirke
 28323 | Shoals:1 | Received a gift from Okawaru
 28435 | Shoals:1 | You pick up a book of Changes and begin reading...
 28435 | Shoals:1 | You add the spells Beastly Appendage, Wereblood and Spider
                  | Form to your library.
 28684 | Shoals:1 | Found a frozen archway.
 28716 | IceCv    | Entered an ice cave
 29381 | IceCv    | You add the spells Ozocubu's Armour and Ozocubu's
                  | Refrigeration to your library.
 29388 | IceCv    | Identified the +1 scimitar of Day {freeze, rC++ rCorr Int-2
                  | Dex+4}
 29534 | Shoals:1 | Reached skill level 21 in Axes
 29534 | Shoals:1 | Reached XP level 19. HP: 158/158 MP: 28/28
 29792 | Shoals:2 | Found Dunalape's Antique Weapon Emporium.
 29917 | Shoals:2 | Identified the +1 cloak of the Pink Corner {Int+4 Slay-4}
                  | (Okawaru gifted it to you on level 2 of the Shoals)
 29917 | Shoals:2 | Received a gift from Okawaru
 31011 | Arena    | Entered the Arena
 31304 | Shoals:3 | You pick up a book of the Hunter and begin reading...
 31689 | Shoals:4 | Entered Level 4 of the Shoals
 32003 | Shoals:4 | Reached skill level 17 in Fighting
 32176 | Shoals:4 | Reached skill level 22 in Axes
 32218 | Shoals:4 | Got a barnacled rune of Zot
 32583 | Shoals:4 | Identified the +9 broad axe "Caiwnod" {protect, rElec rF+
                  | MP-9 Str+7}
 33025 | Shoals:4 | Identified the ring "Ischolae" {rC+++ MP+9 Str-5 Dex-4
                  | Stlth+}
 33213 | Lair:2   | Upgraded the game from 0.30-a0-748-ge6a52f7cba to
                  | 0.30-a0-757-ga6a79fd877
 33213 | Lair:2   | magus.rc [v1.9.6]
 33444 | Vaults:1 | Entered Level 1 of the Vaults
 33503 | Vaults:1 | Received a gift from Okawaru
 33527 | Vaults:1 | Reached XP level 20. HP: 68/168 MP: 0/29
 33529 | Vaults:1 | Reached skill level 23 in Axes
 34993 | Slime:1  | Entered Level 1 of the Pits of Slime
 35005 | Slime:1  | Received a gift from Okawaru
 35173 | Slime:1  | Gained mutation: You occasionally lose the ability to read
                  | scrolls when taking damage. [a shining eye]
 35623 | Slime:4  | Reached skill level 24 in Axes
 35637 | Slime:4  | Gained mutation: You have very sharp teeth. [a shining eye]
 35638 | Slime:4  | Gained mutation: Your body sometimes deteriorates upon
                  | taking damage. [a shining eye]
 35670 | Slime:4  | Identified the +9 plate armour of Duukhlouv {Fly rPois rF+
                  | rC-} (Okawaru gifted it to you on level 4 of the Pits of
                  | Slime)
 35670 | Slime:4  | Received a gift from Okawaru
 35808 | Slime:5  | Entered Level 5 of the Pits of Slime
 36017 | Slime:5  | Found a viscous altar of Jiyva.
 36018 | Slime:5  | Noticed the Royal Jelly
 36026 | Arena    | Entered the Arena
 36040 | Arena    | HP: 41/168 [rockslime[the Royal Jelly] (9)]
 36045 | Arena    | HP: 40/168 [acid[the Royal Jelly] (1)]
 36047 | Arena    | HP: 6/168 [rockslime[the Royal Jelly] (18)]
 36048 | Arena    | Demolished by an acid blob

Vanquished Creatures
  7 acid blobs
  Kirke (Shoals:1)
  4 azure jellies
  Agnes (D:14)
  9 rockslimes
  A frost giant (Shoals:4)
  3 vault wardens (Vaults:1)
  Aizul (Spider:1)
  3 ghost moths
  An emperor scorpion (Spider:4)
  2 orc warlords (Orc:2)
  2 reapers (IceCv)
  An ironbound preserver (Vaults:1)
  A quicksilver ooze (Arena)
  2 broodmothers
  4 dire elephants (Vaults:1)
  4 spark wasps (Spider:4)
  A fire dragon (D:14)
  An ettin (D:15)
  3 merfolk javelineers (Shoals:4)
  A yaktaur captain (Vaults:1)
  3 entropy weavers
  2 great orbs of eyes
  Josephine (D:10)
  A caustic shrike simulacrum (IceCv)
  8 merfolk impalers
  Harold (Lair:2)
  2 jorogumos
  A rakshasa (D:13)
  2 ogre magi
  4 radroaches
  5 hydras
  3 merfolk avatars
  A radroach (shapeshifter) (D:14)
  3 ironbound frosthearts (Vaults:1)
  4 catoblepae
  2 alligator snapping turtles
  12 death yaks
  6 merfolk aquamancers
  10 centaur warriors
  A death knight (D:15)
  2 satyrs
  11 boulder beetles
  11 two-headed ogres
  2 tengu warriors
  An orc high priest (Orc:2)
  Sonja (Lair:2)
  A deep elf knight (D:14)
  A hell knight (D:15)
  A sun moth (Spider:2)
  5 pharaoh ants
  5 deep trolls (Vaults:1)
  A glowing orange brain (Vaults:1)
  12 sea snakes
  3 obsidian statues
  9 orb spiders
  2 bog bodies (IceCv)
  10 steelbarb worms
  5 orc knights
  A deep elf archer (Volcano)
  15 harpies
  6 wolf spider zombies (Spider:3)
  5 lindwurms
  A necromancer (Spider:3)
  12 deep elf pyromancers
  6 ironbound convokers (Vaults:1)
  13 wolf spiders
  17 ugly things
  A deep elf zephyrmancer (D:14)
  9 cyclopes
  3 orc sorcerers (Orc:2)
  A salamander (shapeshifter) (D:15)
  4 shining eyes
  14 manticores
  6 fauns
  8 merfolk sirens
  4 black mambas
  8 elephants
  3 vault sentinels (Vaults:1)
  2 ice statues (Shoals:1)
  2 gargoyles
  4 water nymphs
  14 demonic crawlers
  3 torpor snails
  4 centaur zombies (D:11)
  11 cane toads
  4 rime drakes
  An unseen horror (D:12)
  7 komodo dragons
  An ice devil (IceCv)
  5 freezing wraiths (IceCv)
  13 yaktaurs
  8 redback zombies (Spider:3)
  A golden dragon simulacrum (IceCv)
  2 tengu conjurers (D:15)
  5 trolls
  8 meliai (Spider:4)
  20 merfolk
  2 hornets
  11 culicivora zombies (Spider:3)
  8 wind drakes
  12 tarantellas
  11 dream sheep
  12 blink frogs
  9 snapping turtles
  7 tarantella zombies (Spider:3)
  41 slime creatures
  25 jumping spiders
  2 centaur simulacra
  14 culicivoras
  13 wraiths
  5 vampires (D:11)
  13 water elementals
  2 shadows (D:11)
  5 spriggans (Bailey)
  8 wyverns
  54 yaks
  10 fire elementals (Volcano)
  44 redbacks
  3 steam dragons
  7 hogs (Shoals:1)
  9 basilisks
  6 vampire mosquitoes
  Menkaure (D:4)
  A warg (shapeshifter) (D:13)
  A warg (Orc:2)
  A harpy simulacrum (IceCv)
  6 acid dragons
  11 water moccasins
  A floating eye (Slime:5)
  5 hell hounds
  A hydra simulacrum (IceCv)
  32 orc warriors
  A sky beast (D:6)
  An ice beast (D:8)
  A black bear (D:6)
  15 ogres
  A boggart (Vaults:1)
  10 centaurs
  16 wolves
  Blork the orc (Orc:2)
  2 kobold brigands
  13 bullfrogs
  A gnoll sergeant (D:7)
  A deep troll simulacrum (IceCv)
  A necrophage (D:4)
  4 scorpions
  3 wights (D:8)
  18 killer bees
  2 howler monkeys (D:8)
  5 electric eels
  3 hounds
  16 jellies
  19 orc priests
  Ijyb (D:3)
  Natasha (thrice) (D:2)
  Terence (D:3)
  2 iguanas (D:4)
  22 orc wizards
  13 mummies (Ossuary)
  A howler monkey zombie (D:11)
  13 gnolls
  6 adders
  A shadow imp (D:8)
  4 white imps (D:6)
  2 worms
  3 dart slugs
  69 orcs
  5 ball pythons
  6 endoplasms
  5 giant cockroaches
  5 goblins
  8 hobgoblins
  10 jackals
  15 kobolds
  4 quokkas
  10 bats
  2 frilled lizards
  4 gnoll skeletons (Ossuary)
  3 goblin skeletons (Ossuary)
  A kobold skeleton (Ossuary)
  4 rats
  11 rat skeletons (Ossuary)
1221 creatures vanquished.

Vanquished Creatures (others)
  A manticore (Shoals:4)
  25 fungi
  78 plants
  A withered plant (D:11)
105 creatures vanquished.

Grand Total: 1326 creatures vanquished

Table legend:
 A = Non-vault XP
 B = Vault XP
 C = Vault XP percentage of total XP
 D = Non-vault monster count
 E = Vault monster count
 F = Vault count percentage of total count
                 A         B        C        D         E       F
            +---------+---------+-------+---------+---------+-------
      Total |  241988 |  151546 |  38.5 |     829 |     389 |  31.9
            +---------+---------+-------+---------+---------+-------
        D:1 |      43 |       0 |   0.0 |      22 |       0 |   0.0
        D:2 |     114 |      36 |  24.0 |      22 |       1 |   4.3
        D:3 |     241 |      72 |  23.0 |      27 |       2 |   6.9
        D:4 |     403 |     172 |  29.9 |      17 |       1 |   5.6
        D:5 |     560 |       0 |   0.0 |      16 |       0 |   0.0
        D:6 |     674 |       0 |   0.0 |      12 |       0 |   0.0
        D:7 |    1153 |       0 |   0.0 |      19 |       0 |   0.0
        D:8 |    1638 |       0 |   0.0 |      26 |       0 |   0.0
        D:9 |    3447 |     802 |  18.9 |      31 |       1 |   3.1
       D:10 |    2652 |    1969 |  42.6 |      17 |       6 |  26.1
       D:11 |    4766 |    4665 |  49.5 |      16 |      32 |  66.7
       D:12 |    2530 |       0 |   0.0 |       7 |       0 |   0.0
       D:13 |    6171 |    2573 |  29.4 |      21 |       5 |  19.2
       D:14 |   17055 |    8440 |  33.1 |      32 |      16 |  33.3
       D:15 |   11668 |    3755 |  24.3 |      23 |       6 |  20.7
     Lair:1 |    4305 |       0 |   0.0 |      15 |       0 |   0.0
     Lair:2 |    7329 |    4194 |  36.4 |      26 |       7 |  21.2
     Lair:3 |    5486 |       0 |   0.0 |      21 |       0 |   0.0
     Lair:4 |    8375 |    2353 |  21.9 |      24 |       6 |  20.0
     Lair:5 |   11032 |   12114 |  52.3 |      44 |      38 |  46.3
   Shoals:1 |   14078 |    3686 |  20.7 |      30 |      10 |  25.0
   Shoals:2 |   19022 |       0 |   0.0 |      38 |       0 |   0.0
   Shoals:3 |    6553 |    4394 |  40.1 |      16 |       8 |  33.3
   Shoals:4 |    2666 |   20684 |  88.6 |       6 |      36 |  85.7
   Spider:1 |   19104 |    1235 |   6.1 |      55 |       1 |   1.8
   Spider:2 |   13660 |       0 |   0.0 |      32 |       0 |   0.0
   Spider:3 |   11839 |   11737 |  49.8 |      26 |      33 |  55.9
   Spider:4 |   15163 |   15759 |  51.0 |      41 |      23 |  35.9
    Slime:1 |    8541 |       0 |   0.0 |      17 |       0 |   0.0
    Slime:3 |    1131 |       0 |   0.0 |       5 |       0 |   0.0
    Slime:4 |   13834 |       0 |   0.0 |      20 |       0 |   0.0
    Slime:5 |    5803 |    7149 |  55.2 |      12 |       5 |  29.4
      Orc:1 |    1939 |     272 |  12.3 |      22 |       2 |   8.3
      Orc:2 |    4494 |    7164 |  61.5 |      48 |      38 |  44.2
   Vaults:1 |   13925 |   20525 |  59.6 |      22 |      31 |  58.5
    Ossuary |       0 |     251 | 100.0 |       0 |      32 | 100.0
     Bailey |       0 |    2439 | 100.0 |       0 |      10 | 100.0
      IceCv |       0 |    8699 | 100.0 |       0 |      17 | 100.0
    Volcano |       0 |    6407 | 100.0 |       0 |      22 | 100.0
      Arena |     594 |       0 |   0.0 |       1 |       0 |   0.0
            +---------+---------+-------+---------+---------+-------

Illustrated notes

Table legend:
 A = Kills in this place as a percentage of kills in entire the game.
 B = Kills by you in this place as a percentage of kills by you in the entire game.
 C = Kills by friends in this place as a percentage of kills by friends in the entire game.
 D = Other kills in this place as a percentage of other kills in the entire game.
 E = Experience gained in this place as a percentage of experience gained in the entire game.
 F = Experience gained in this place divided by the number of levels of this place that you have seen.
                   A       B       C       D       E      F
               +-------+-------+-------+-------+-------+----------------------
         Total | 100.0 | 100.0 |   N/A | 100.0 | 100.0 | 9369.9
       Dungeon |  31.0 |  31.1 |   N/A |   0.0 |  19.2 | 5039.9
          Lair |  14.9 |  14.9 |   N/A |   0.0 |  14.0 | 11037.6
        Shoals |  11.8 |  11.8 |   N/A | 100.0 |  18.1 | 17770.8
   Spider Nest |  17.3 |  17.3 |   N/A |   0.0 |  22.5 | 22124.2
    Slime Pits |   4.8 |   4.8 |   N/A |   0.0 |   9.3 | 7291.6
  Orcish Mines |   9.0 |   9.0 |   N/A |   0.0 |   3.5 | 6934.5
        Vaults |   4.4 |   4.4 |   N/A |   0.0 |   8.8 | 34450.0
       Ossuary |   2.6 |   2.6 |   N/A |   0.0 |   0.1 | 251.0
        Bailey |   0.8 |   0.8 |   N/A |   0.0 |   0.6 | 2439.0
      Ice Cave |   1.4 |   1.4 |   N/A |   0.0 |   2.2 | 8699.0
       Volcano |   1.8 |   1.8 |   N/A |   0.0 |   1.6 | 6407.0
         Arena |   0.1 |   0.1 |   N/A |   0.0 |   0.2 | 297.0
               +-------+-------+-------+-------+-------+----------------------

Table legend: (Time is in decaauts)
 A = Elapsed time spent in this place.
 B = Non-inter-level travel time spent in this place.
 C = Inter-level travel time spent in this place.
 D = Time resting spent in this place.
 E = Time spent auto-exploring this place.
 F = Levels seen in this place.
 G = Mean time per level.
                   A        B        C        D        E       F      G
               +--------+--------+--------+--------+--------+-----+--------+
         Total |  35870 |  32964 |   2906 |   2200 |  23327 |  42 |  854.0 |
       Dungeon |  15712 |  13967 |   1745 |    617 |  10622 |  15 | 1047.5 |
          Lair |   5699 |   5015 |    684 |      8 |   3997 |   5 | 1139.8 |
        Shoals |   4435 |   4263 |    172 |      0 |   3343 |   4 | 1108.8 |
   Spider Nest |   4346 |   4242 |    104 |    325 |   2767 |   4 | 1086.5 |
    Slime Pits |    959 |    951 |      8 |    301 |    417 |   5 |  191.8 |
  Orcish Mines |   1465 |   1339 |    126 |    178 |    778 |   2 |  732.5 |
        Vaults |   1096 |   1030 |     66 |    129 |    743 |   1 | 1096.0 |
       Ossuary |    418 |    418 |      0 |      0 |    227 |   1 |  418.0 |
        Bailey |    632 |    632 |      0 |    374 |     54 |   1 |  632.0 |
      Ice Cave |    693 |    693 |      0 |    173 |    250 |   1 |  693.0 |
       Volcano |    386 |    386 |      0 |     95 |    127 |   1 |  386.0 |
         Arena |     23 |     23 |      0 |      0 |      0 |   2 |   11.5 |
               +--------+--------+--------+--------+--------+-----+--------+

Top non-repeatable levels by time:
    D:14: 1726 daAuts
    D:11: 1557 daAuts
Shoals:4: 1514 daAuts
Spider:4: 1437 daAuts
  Lair:2: 1273 daAuts
  Lair:4: 1243 daAuts
    D:15: 1227 daAuts
     D:9: 1213 daAuts
Spider:3: 1152 daAuts
  Lair:5: 1123 daAuts
Spider:1: 1119 daAuts
Shoals:2: 1118 daAuts
   Orc:2: 1112 daAuts
     D:8: 1098 daAuts
Vaults:1: 1096 daAuts
